 Dungeon Crawl Stone Soup version 0.21-a0-265-gb353147 (webtiles) character file.

44 Gagarin the Skirmisher (level 3, 0/34 HPs)
             Began as a Minotaur Abyssal Knight on Sept 12, 2017.
             Was a Believer of Lugonu.
             Slain by an orc priest
             ... wielding a +0 flail of crushing
              (1 damage)
             ... on level 2 of the Dungeon.
             The game lasted 00:03:17 (748 turns).

Gagarin the Skirmisher (Minotaur Abyssal Knight)     Turns: 748, Time: 00:03:18

Health: 0/34       AC:  3    Str: 16    XL:     3   Next: 39%
Magic:  3/3        EV: 11    Int: 10    God:    Lugonu [**....]
Gold:   31         SH:  0    Dex:  9    Spells: 2/2 levels left

rFire    . . .     SeeInvis .   a - +1 falchion
rCold    . . .     Gourm    .   (no shield)
rNeg     . . .     Faith    .   b - +0 leather armour
rPois    .         Spirit   .   (helmet restricted)
rElec    .         Reflect  .   (no cloak)
rCorr    .         Harm     .   (no gloves)
MR       .....                  (no boots)
Stlth    +.........             (no amulet)
HPRegen  0.11/turn              (no ring)
MPRegen  0.08/turn              (no ring)

@: flying, drained
A: retaliatory headbutt, horns 2
a: Depart the Abyss, Bend Space, Renounce Religion


You were on level 2 of the Dungeon.
You worshipped Lugonu.
Lugonu was pleased with you.
You were not hungry.

You visited 1 branch of the dungeon, and saw 2 of its levels.
You visited the Abyss 1 time.

You collected 31 gold pieces.

Inventory:

Hand Weapons
 a - a +1 falchion (weapon)
Armour
 b - a +0 leather armour (worn)
Scrolls
 e - a scroll of enchant armour {unknown}
 g - a scroll of remove curse {unknown}
 h - a scroll of recharging {unknown}
Potions
 j - a potion of mutation {unknown}
 k - 2 potions of berserk rage {unknown}
Comestibles
 c - a bread ration
 d - a royal jelly
 f - 2 chunks of flesh


   Skills:
 + Level 4.4(4.0) Fighting
 + Level 2.9(2.5) Long Blades
 + Level 2.8(2.3) Armour
 + Level 1.7(1.2) Dodging
 + Level 2.0(1.5) Invocations


You had 2 spell levels left.
You didn't know any spells.

Dungeon Overview and Level Annotations

Branches:
Dungeon (2/15)

Altars:


Innate Abilities, Weirdness & Mutations

You reflexively headbutt those who attack you in melee.
You have a pair of horns on your head.


Message History

The orc priest hits you with a flail of crushing.
The orc hits you but does no damage.
You feel drained. The rat bites you.
* * * LOW HITPOINT WARNING * * *
You barely miss the orc priest.
The orc priest is severely wounded.
The orc barely misses you. You furiously retaliate!
You headbutt the orc, but do no damage. The rat bites you.
* * * LOW HITPOINT WARNING * * *
The orc priest casts a cantrip, but nothing happens.
It was a potion of flight.
You feel very buoyant.
You fly up into the air.
The orc hits you with a whip of draining.
* * * LOW HITPOINT WARNING * * *
You feel drained.
* * * LOW HITPOINT WARNING * * *
The rat bites you but does no damage.
The orc priest hits you with a flail of crushing.
* * * LOW HITPOINT WARNING * * *
You die...

...........# #.........#
## ## #.<.......# #. .#
#.........# #. .#
#.........# %#.#
#(........###...#######
#.....)..[..##...#.....
#...รท(....#....o..(....
#(.<...)..####@#.......
....#####.#..# #or# ...
.... #..#..###og......
... ##.##.# ###......
... ... ... ...... ..
#... .#. ..... .. ##.#
..... .# .... .#..


You could see an orc priest, 2 orcs, a goblin and a rat.

Vanquished Creatures
  An adder (D:2)
  2 dart slugs (D:1)
  2 leopard geckos (D:1)
  3 bats
  3 giant cockroaches (D:1)
  3 goblins
  2 hobgoblins (D:1)
  3 jackals (D:1)
  5 kobolds
  2 rats (D:1)
  A fungus (D:1)
27 creatures vanquished.

Notes
Turn   | Place    | Note
-------+----------+-------------------------------------------
     0 | Abyss:1  | Gagarin the Minotaur Abyssal Knight began the quest for the Orb.
     0 | Abyss:1  | Reached XP level 1. HP: 19/19 MP: 1/1
    22 | D:1      | Escaped the Abyss
   181 | D:1      | Reached skill level 4 in Fighting
   235 | D:1      | Reached XP level 2. HP: 26/27 MP: 2/2
   396 | D:1      | Reached ** piety under Lugonu
   396 | D:1      | Reached XP level 3. HP: 29/34 MP: 3/3
   748 | D:2      | HP: 1/34 [orc priest/flail of crushing (5)]
   748 | D:2      | Slain by an orc priest

Vault maps used:
D:1:      dpeg_cavernosity, corexii_item_surrounded_by_moat,
          minmay_stone_trees_small, hex_large
D:2:      first_bread

Skill      XL: |  1  2  3 |
---------------+----------+-----
Fighting       | 4 |  4.4
Invocations    | 2 |  2.0
Long Blades    | |  2.9
Armour         | |  2.8
Dodging        | |  1.7

Action                   || total
-------------------------++-------
Melee: Falchion          ||    59
       Headbutt          ||     9
  Use: Potion            ||     1
Armor: Leather armour    ||    24
Dodge: Dodged            ||    39
       Rpst.: Falchion   ||     7

Table legend:
 A = Spawn XP
 B = Non-spawn XP
 C = Spawn XP percentage of total XP
 D = Spawn monster count
 E = Non-spawn monster count
 F = Spawn count percentage of total count
 G = Total turns spent on level
                    A         B        C        D         E        F      G
               +---------+---------+-------+---------+---------+-------+---------
         Total |       0 |      63 |   0.0 |       0 |      26 |   0.0 |   748
               +---------+---------+-------+---------+---------+-------+---------
           D:1 |       0 |      44 |   0.0 |       0 |      22 |   0.0 |   681
           D:2 |       0 |      19 |   0.0 |       0 |       4 |   0.0 |    45
               +---------+---------+-------+---------+---------+-------+---------
